Map: [ESL] Oceanborn

Players

Oliveira - Winner!

  • Race: Terran Terran
  • Spawn Location: 11:00

ShoWTimE

  • Race: Protoss Protoss
  • League: Master
  • Spawn Location: 5:00

Event: Bellum Gens Elite Stara Zagora 2024

VOD

Have the link to the VOD?

Description

Time

  • Played on: Sept. 8, 2024, 9:13 a.m.
  • Length: 13:30

All games in this series

Show
View Real Time Build Order
Export as new Build Order

Oliveira Terran - Winner!

Build Orders: 1/1/1 

Get SALT Encoding   

  12  0:00  SCV  
  13  0:12  SCV  
  14  0:17  Supply Depot  
  14  0:24  SCV  
  15  0:30  Refinery  
  15  0:38  SCV  
  16  0:44  Barracks  
  16  0:50  SCV  
  17  0:57  Refinery  
  17  1:03  SCV  
  18  1:15  SCV  
  19  1:31  Orbital Command, Reaper  
  20  1:35  Factory  
  20  1:56  SCV  
  21  2:03  Reaper  
  21  2:08  Command Center  
  22  2:12  SCV  
  23  2:23  Supply Depot  
  23  2:29  Starport  
  23  2:37  Supply Depot  
  23  2:45  SCV, Widow Mine  
  23  2:46  Barracks Reactor  
  26  2:57  SCV  
  27  3:07  Widow Mine, Medivac  
  27  3:09  SCV  
  32  3:20  Orbital Command  
  32  3:22  SCV  
  35  3:34  Factory Tech Lab  
  35  3:40  Starport Tech Lab  
  35  3:41  Command Center  
  33  3:42  SCV  
  33  3:46  SCV  
  35  3:54  SCV  
  35  3:55  Barracks  
  36  3:58  SCV  
  36  4:00  Raven  
  36  4:01  Interference Matrix  
  39  4:08  Barracks  
  39  4:12  Bunker  
  39  4:13  SCV  
  39  4:15  Marine  
  41  4:17  Marine  
  41  4:20  SCV  
  43  4:27  SCV  
  42  4:32  SCV  
  42  4:33  Engineering Bay  
  42  4:36  Refinery  
  42  4:37  Marine x2  
  45  4:39  SCV  
  45  4:45  SCV  
  47  4:48  Stimpack  
  47  4:51  SCV  
  47  4:52  Marine  
  49  4:53  Orbital Command  
  49  4:57  SCV  
  49  4:59  Terran Infantry Weapons Level 1  
  50  5:03  SCV  
  50  5:05  Barracks  
  50  5:06  Combat Shield  
  51  5:09  SCV  
  52  5:15  SCV, Barracks  
  52  5:18  Factory Reactor  
  52  5:19  SCV, Starport Reactor  
  54  5:22  Supply Depot  
  54  5:25  SCV  
  54  5:27  SCV  
  56  5:29  Marauder  
  56  5:32  SCV, Marauder  
  56  5:34  Marine x2  
  63  5:37  SCV  
  63  5:41  Refinery  
  63  5:42  Supply Depot, SCV  
  65  5:45  Supply Depot  
  65  5:47  SCV  
  65  5:49  SCV  
  67  5:51  Marauder  
  67  5:53  Barracks Reactor  
  67  5:55  Marauder  
  71  5:58  Medivac  
  71  5:59  Medivac  
  71  6:02  Barracks Tech Lab  
  71  6:03  SCV  
  76  6:06  Marine  
  76  6:07  Marine  
  76  6:08  Missile Turret  
  76  6:11  Supply Depot, Orbital Command  
  78  6:12  SCV  
  78  6:14  Marauder  
  78  6:16  SCV  
  82  6:24  Supply Depot, SCV, Marauder x2  
  89  6:25  Widow Mine  
  89  6:27  Widow Mine  
  89  6:28  SCV  
  89  6:30  Marine  
  89  6:32  Concussive Shells, Marine  
  94  6:33  Marine  
  94  6:37  Marine  
  94  6:38  SCV, Marauder  
  99  6:41  SCV x2  
  99  6:45  Marine  
  99  6:46  Medivac  
  104  6:48  Supply Depot  
  104  6:50  Supply Depot  
  104  6:51  SCV, Marine  
  104  6:53  SCV  
  107  6:55  Supply Depot  
  107  6:56  SCV  
  107  6:57  Marine  
  107  7:01  Terran Infantry Armor Level 1  
  109  7:02  Marine  
  109  7:04  Viking  
  109  7:06  SCV x2  
  114  7:12  Marauder x2  
  114  7:14  Marauder  
  117  7:17  Marine x2  
  117  7:19  SCV  
  117  7:21  Medivac  
  119  7:26  SCV  
  119  7:28  Marine  
  121  7:30  Supply Depot, SCV  
  121  7:31  SCV  
  121  7:32  Widow Mine  
  121  7:33  Marauder x2  
  121  7:36  Medivac  
  131  7:38  SCV  
  131  7:41  Supply Depot, Marine, Marauder  
  131  7:42  Marine  
  131  7:43  Marine  
  137  7:48  Marine  
  137  7:50  SCV x2  
  140  7:52  Refinery  
  140  7:53  Refinery  
  140  7:54  Marine  
  140  7:55  Marauder  
  143  7:59  Marine  
  143  8:00  Marine x2, Medivac  
  143  8:03  Widow Mine x2  
  143  8:04  SCV  
  151  8:10  Marine  
  151  8:11  SCV, Marauder  
  151  8:12  Marine  
  145  8:17  SCV  
  145  8:18  SCV  
  145  8:21  Marine x2, Marauder  
  145  8:22  Engineering Bay, Armory  
  145  8:23  SCV  
  145  8:24  Widow Mine  
  145  8:25  Ghost Academy  
  152  8:30  Supply Depot  
  152  8:31  Supply Depot  
  152  8:33  Marine  
  152  8:34  Marine, Marauder  
  148  8:52  Viking  
  148  8:53  Viking  
  148  8:57  Ghost x3, Command Center  
  148  9:02  SCV x2  
  154  9:08  Missile Turret  
  154  9:09  Terran Infantry Weapons Level 2  
  155  9:10  Terran Infantry Armor Level 2  
  155  9:15  Supply Depot  
  155  9:16  Supply Depot  
  154  9:27  Viking x2  
  154  9:28  Ghost x2  
  154  9:30  Terran Ship Weapons Level 1  
  162  9:41  SCV, Barracks  
  162  9:42  SCV, Barracks  
  164  9:46  Barracks  
  164  9:48  SCV  
  164  9:52  Starport  
  164  9:54  Marauder  
  164  9:55  Marine x3  
  167  10:00  Viking x2  
  167  10:02  SCV  
  167  10:07  SCV, Marauder  
  171  10:10  Marauder  
  174  10:16  Missile Turret  
  174  10:19  Marauder  
  174  10:20  Marine x3  
  179  10:24  Fusion Core, Personal Cloaking  
  179  10:29  Marauder  
  179  10:30  Barracks Tech Lab x2  
  179  10:31  Marine  
  182  10:36  Planetary Fortress  
  182  10:38  Barracks Tech Lab  
  182  10:41  Marine x2, Marauder x2  
  188  10:43  Marine  
  189  10:50  Liberator, Marauder  
  189  10:51  Liberator  
  189  10:53  Marauder  
  199  10:57  Marine  
  199  11:00  Marine  
  200  11:07  Command Center  
  198  11:16  Marauder  
  197  11:19  Advanced Ballistics  
  197  11:23  Refinery  
  197  11:24  Liberator, Refinery  
  182  12:10  Marine  
  182  12:12  Marine  
  182  12:13  Marauder  
  182  12:15  Liberator x2  
  168  12:20  Marine x2, Marauder  
  168  12:22  Marine x2  
  162  12:23  Liberator, Marauder  
  162  12:25  SCV  
  155  12:35  Marine x2  
  155  12:36  Marauder  
  156  12:39  Liberator  
  163  12:44  Marauder x3  
  163  12:48  Ghost x2  
  163  12:50  Marine x2  
  169  12:55  Marine  
  169  12:57  Marine  
  169  12:58  Marauder  
  176  13:05  Marine x3  
Show
View Real Time Build Order
Export as new Build Order

ShoWTimE Protoss 

Build Orders: 1 Gate Expand, Blink Stalkers 

Get SALT Encoding   

  12  0:00  Probe  
  13  0:12  Probe  
  14  0:16  Pylon  
  14  0:24  Probe  
  15  0:35  Gateway  
  15  0:36  Probe (Chrono Boost)  
  16  0:45  Assimilator, Probe (Chrono Boost)  
  17  0:50  Probe  
  18  1:03  Probe  
  19  1:15  Probe  
  20  1:21  Cybernetics Core  
  20  1:31  Nexus  
  20  1:33  Probe  
  21  1:42  Pylon  
  21  1:45  Probe  
  22  1:48  Assimilator  
  22  1:57  Adept (Chrono Boost)  
  22  1:58  Probe  
  22  2:01  Warp Gate  
  25  2:10  Probe  
  26  2:18  Twilight Council  
  26  2:21  Adept (Chrono Boost)  
  26  2:22  Probe  
  29  2:34  Probe  
  30  2:42  Gateway  
  30  2:43  Probe  
  31  2:46  Probe  
  31  2:49  Stalker  
  34  2:54  Blink (Chrono Boost)  
  34  2:55  Probe  
  34  2:58  Probe  
  36  3:07  Probe  
  36  3:10  Shield Battery  
  38  3:12  Probe  
  38  3:19  Probe  
  39  3:21  Robotics Facility  
  39  3:27  Probe  
  39  3:28  Pylon  
  39  3:31  Probe  
  41  3:39  Probe  
  42  3:43  Probe  
  43  3:48  Stalker x2  
  43  3:51  Pylon  
  43  3:53  Probe  
  48  3:56  Probe  
  49  4:07  Nexus  
  49  4:08  Observer  
  50  4:15  Probe x2  
  50  4:27  Probe x2  
  50  4:29  Stalker x2  
  57  4:34  Charge  
  56  4:38  Forge  
  56  4:39  Probe  
  56  4:40  Assimilator  
  58  4:45  Probe  
  58  4:50  Gateway  
  59  4:52  Probe  
  59  4:58  Gateway  
  59  4:59  Observer  
  60  5:00  Probe  
  60  5:04  Probe, Protoss Ground Weapons Level 1 (Chrono Boost)  
  62  5:08  Gateway x2  
  62  5:18  Probe  
  62  5:20  Probe x2  
  65  5:23  Warp Prism (Chrono Boost)  
  67  5:28  Gateway  
  67  5:33  Gateway  
  67  5:35  Probe  
  68  5:36  Probe  
  68  5:37  Probe  
  68  5:41  Sentry  
  68  5:42  Pylon  
  72  5:44  Sentry  
  72  5:48  Shield Battery, Probe x2  
  72  5:49  Probe  
  77  5:53  Pylon  
  77  5:56  Pylon  
  77  5:59  Immortal (Chrono Boost)  
  77  6:03  Probe  
  82  6:05  Probe  
  82  6:11  Zealot x3, Observer  
  85  6:13  Zealot  
  85  6:15  Observer  
  85  6:16  Probe  
  85  6:18  Pylon  
  92  6:23  Robotics Bay  
  92  6:27  Assimilator, Probe x2  
  92  6:28  Probe  
  95  6:38  Protoss Ground Weapons Level 2 (Chrono Boost)  
  95  6:39  Zealot x5  
  105  6:44  Pylon  
  105  6:46  Pylon  
  105  6:50  Probe  
  105  6:52  Observer  
  106  6:59  Pylon  
  106  7:00  Pylon  
  106  7:05  Nexus  
  106  7:14  Adept  
  106  7:15  Observer  
  102  7:21  Probe  
  99  7:24  Colossus (Chrono Boost)  
  99  7:26  Zealot x7  
  117  7:30  Extended Thermal Lance  
  117  7:36  Probe x3  
  119  7:47  Robotics Facility  
  119  7:48  Probe x2  
  121  7:54  Zealot x6  
  121  7:58  Shield Battery, Pylon  
  131  8:06  Shield Battery  
  131  8:09  Colossus (Chrono Boost)  
  123  8:20  Probe  
  123  8:21  Probe x3  
  123  8:25  Stalker x3  
  123  8:26  Stalker, Zealot  
  137  8:32  Probe  
  137  8:34  Zealot x3  
  140  8:47  Zealot  
  135  8:52  Zealot x4  
  125  8:56  Colossus (Chrono Boost)  
  131  9:05  Nexus, Protoss Ground Armor Level 1 (Chrono Boost)  
  131  9:10  Stalker x2  
  131  9:12  Stalker  
  137  9:19  Shield Battery  
  137  9:24  Disruptor (Chrono Boost)  
  137  9:30  Probe  
  142  9:37  Shield Battery  
  142  9:39  Pylon  
  142  9:41  Disruptor (Chrono Boost)  
  142  9:43  Zealot  
  148  9:48  Pylon  
  148  9:57  Disruptor  
  152  10:07  Zealot x7  
  152  10:11  Photon Cannon  
  162  10:16  Disruptor  
  166  10:24  Zealot  
  168  10:29  Probe x3  
  168  10:30  Pylon, Probe  
  168  10:32  Disruptor, Pylon  
  176  10:40  Zealot x2  
  180  10:46  Gateway x2  
  180  10:49  Protoss Ground Weapons Level 3 (Chrono Boost)  
  179  10:52  Disruptor, Zealot x6  
  179  10:53  Pylon  
  195  11:02  Pylon  
  195  11:08  Zealot x2  
  193  11:18  Zealot x4  
  193  11:25  Nexus  
  195  11:28  Forge  
  195  11:31  Zealot x3  
  199  11:35  Photon Cannon  
  199  11:36  Shield Battery  
  199  11:41  Gateway  
  199  11:42  Gateway  
  184  12:04  Zealot x7  
  184  12:05  Zealot  
  184  12:07  Disruptor  
  162  12:10  Zealot x2  
  162  12:15  Disruptor (Chrono Boost)  
  118  12:27  Zealot x7  
  119  12:35  Zealot x3  
  119  12:37  Zealot  
  125  12:52  Zealot x5  
  125  12:53  Zealot x2  
  125  12:56  Warp Prism (Chrono Boost)  
  139  13:01  Stalker x2  
Tags
 
Add a new tag
Caveats
  • Supply blocks, unpowered buildings, or Contaminate may cause inaccurate times.
  • Supply counts are checked every 10 seconds.